 Dungeon Crawl Stone Soup version 0.25-a0-280-gfa4545f159 (webtiles) character file.

Game seed: 17673309059767549988, levelgen mode: deterministic

11661 MisterFreud the Blocker (level 11, -3/115 HPs)
             Began as a Troll Monk on Dec 10, 2019.
             Slain by a spiny frog (18 damage)
             ... on level 1 of the Lair of Beasts.
             The game lasted 00:19:39 (10305 turns).

MisterFreud the Blocker (Troll Monk)               Turns: 10305, Time: 00:19:41

Health: -3/115     AC:  7    Str: 27    XL:     11   Next: 52%
Magic:  13/13      EV: 10    Int:  6    God:
Gold:   373        SH: 21    Dex: 17    Spells: 10/10 levels left

rFire    . . .     SeeInvis .     - Unarmed
rCold    . . .     Gourm    +   D - +2 large shield
rNeg     . . .     Faith    .   q - +0 robe {MR+}
rPois    .         Spirit   .   (helmet restricted)
rElec    +         Reflect  .   u - +0 cloak
rCorr    .         Harm     .   (gloves unavailable)
MR       +....                  (boots unavailable)
Stlth    ++........             y - amulet of Vitality {Regen+ HP+15}
HPRegen  1.09/turn              Q - ring of wizardry
MPRegen  0.13/turn              E - ring of Hibb {+Fly rElec Str+3 Dex+5}

@: about to teleport
A: large, unfitting armour, claws 3, fast metabolism 3, gourmand, regeneration
1, shaggy fur 1, tough skin 3
a: Evoke Flight


You were on level 1 of the Lair of Beasts.
You were very hungry.

You visited 3 branches of the dungeon, and saw 14 of its levels.

You collected 639 gold pieces.
You spent 266 gold pieces at shops.

Inventory:

Missiles
 w - 5 large rocks (quivered)
 H - 6 silver javelins
 I - 7 boomerangs
Armour
 a - a +0 robe
 q - a +0 robe of magic resistance (worn)
 u - a +0 cloak (worn)
 D - a +2 large shield (worn)
 N - the +2 robe of the Alphagorgon {Int+8}
   (You bought it in a shop on level 11 of the Dungeon)

   It affects your intelligence (+8).
 O - a +0 troll leather armour
Jewellery
 h - an uncursed ring of flight
 y - the amulet of Vitality (around neck) {Regen+ HP+15}
   (You found it on level 5 of the Dungeon)

   [amulet of regeneration]

   It affects your health (+15).
   It increases your rate of regeneration.
 E - the ring of Hibb (right claw) {+Fly rElec Str+3 Dex+5}
   (You took it off a gnoll sergeant on level 7 of the Dungeon)

   [ring of strength]

   It affects your strength (+3).
   It affects your dexterity (+5).
   It insulates you from electricity.
   It lets you fly.
 F - a +6 ring of intelligence
 M - an uncursed amulet of magic regeneration
 Q - a ring of wizardry (left claw)
Wands
 d - a wand of clouds (5)
 l - a wand of paralysis (14)
 L - a wand of polymorph (7)
Scrolls
 c - 2 scrolls of remove curse
 e - 2 scrolls of magic mapping {unknown}
 i - 2 scrolls of enchant weapon
 k - a scroll of blinking {unknown}
 m - 3 scrolls of fog {unknown}
 r - a scroll of fear {unknown}
 s - 2 scrolls of teleportation
 v - 2 scrolls of enchant armour {unknown}
 x - 2 scrolls of amnesia {unknown}
 C - a scroll of holy word {unknown}
 J - a scroll of random uselessness {unknown}
 K - a scroll of torment {unknown}
Potions
 f - 7 potions of lignification
 g - 3 potions of flight
 j - 2 potions of invisibility
 n - a potion of cancellation
 o - a potion of brilliance
 p - 4 potions of curing
 t - a potion of mutation
 z - a potion of ambrosia
 A - a potion of agility
 B - a potion of haste
 G - 2 potions of heal wounds
Comestibles
 b - 20 rations


   Skills:
 + Level 4.3 Fighting
 - Level 6.0 Throwing
 - Level 4.0 Dodging
 - Level 1.0 Stealth
 + Level 10.1 Shields
 - Level 10.0 Unarmed Combat
 - Level 4.0 Evocations


You had 10 spell levels left.
You didn't know any spells.
Your spell library contained the following spells:

 Spells                   Type           Power        Failure   Level  Hunger
 Apportation              Tloc           #.....       45%         1    ##.....
 Corona                   Hex            #......      45%         1    ##.....
 Magic Dart               Conj           #...         45%         1    ##.....
 Blink                    Tloc           N/A          61%         2    ###....
 Call Imp                 Summ           #.......     61%         2    ###....
 Ensorcelled Hibernation  Hex/Ice        #.....       61%         2    ###....
 Slow                     Hex            #.......     61%         2    ###....
 Confuse                  Hex            #.......     82%         3    ####...
 Conjure Flame            Conj/Fire      #.......     82%         3    ####...
 Dazzling Flash           Conj/Hex       #.....       82%         3    ####...
 Lesser Beckoning         Tloc           #.........   82%         3    ####...
 Mephitic Cloud           Conj/Pois/Air  #.......     82%         3    ####...
 Tukima's Dance           Hex            #.......     82%         3    ####...
 Iskenderun's Mystic Bla  Conj/Tloc      #.......     99%         4    #####..
 Summon Forest            Summ/Tloc      #.........   100%        5    ######.
 Dispersal                Tloc           #.........   100%        6    #######


Dungeon Overview and Level Annotations

Branches:
Dungeon (12/15)            Temple (1/1) D:7            Lair (1/6) D:8
    Orc (0/2) D:10

Altars:
Ashenzari
Cheibriados
Dithmenos
Elyvilon
Fedhas
Gozag
Hepliaklqana
Kikubaaqudgha
Makhleb
Nemelex Xobeh
Okawaru
Qazlal
Ru
Sif Muna
Trog
Uskayaw
Vehumet
Wu Jian
Xom
Yredelemnul
Zin
The Shining One
Beogh

Shops:
D:8 ?   D:11 [

Annotations:
D:1 1 runed translucent door
D:8 4 runed translucent doors
D:12 Frances


Innate Abilities, Weirdness & Mutations

You are too large for most types of armour.
You have claws for hands.
Your metabolism is lightning-fast.
You like to eat raw meat.
Your natural rate of healing is unusually fast.
You are covered in fur. (AC +1)
You have extremely tough skin. (AC +3)


Message History

The blink frog hits you but does no damage.
The blink frog is engulfed in noxious fumes.
The spiny frog barely misses you. You block the water moccasin's attack.
The blink frog blinks!
The hippogriff is engulfed in noxious fumes.
The hippogriff appears confused.
The hippogriff bites the spiny frog but does no damage.
The hippogriff pecks the spiny frog but does no damage.
The hippogriff claws the spiny frog but does no damage.
You block the water moccasin's attack.
The blink frog is engulfed in noxious fumes.
The blink frog appears confused.
The hippogriff is engulfed in noxious fumes.
The blink frog blinks!
The water moccasin bites you.
* * * LOW HITPOINT WARNING * * *
The blink frog is engulfed in noxious fumes.
The hippogriff is engulfed in noxious fumes.
You block the blink frog's attack. You block the water moccasin's attack.
The spiny frog stings you!!
You die...

## ##P.# ...#
.F### ##.#.#
#P..# #
##...######.###
#........<....#
#@F..##.##.#.....
#FS..#### ## ##.
#F#..# #§#..#
#§§§.## #.§...#
###°..# #....#
#....#


You could see a spiny frog, 3 blink frogs and a water moccasin.

Vanquished Creatures
  A hydra (D:9)
  An unseen horror (D:11)
  An ugly thing (D:11)
  A centaur skeleton (D:10)
  Joseph (D:7)
  A troll (D:11)
  A hornet (D:11)
  A blink frog (Lair:1)
  2 hippogriffs
  5 yaks
  2 wyverns
  2 basilisks (D:8)
  3 hungry ghosts
  A soldier ant (D:11)
  A water moccasin (D:9)
  12 orc warriors
  3 sky beasts
  4 ice beasts
  6 black bears
  5 phantoms
  A necrophage (D:11)
  2 eyes of draining
  3 centaurs
  6 ogres
  6 bullfrogs
  A gnoll sergeant (D:7)
  7 scorpions
  4 killer bees (D:11)
  2 vampire bats (D:11)
  3 howler monkeys
  3 bullfrog zombies
  A quasit (D:7)
  7 crimson imps
  4 orc priests
  3 hounds
  8 jellies
  9 orc wizards
  A bullfrog skeleton (D:5)
  8 worker ants
  3 iguanas
  2 hound zombies
  2 worker ant zombies
  11 adders
  2 shadow imps
  6 oozes
  3 adder skeletons
  3 worms
  4 dart slugs
  7 leopard geckos
  69 orcs
  4 giant cockroaches
  5 goblins
  5 hobgoblins
  13 jackals
  9 kobolds
  2 quokkas
  A ball python skeleton (D:4)
  12 bats
  7 frilled lizards
  2 giant cockroach zombies
  A leopard gecko skeleton (D:8)
  A leopard gecko zombie (D:5)
  2 quokka zombies
  10 rats
319 creatures vanquished.

Notes
Turn   | Place    | Note
-------+----------+-------------------------------------------
     0 | D:1      | MisterFreud the Troll Monk began the quest for the Orb.
     0 | D:1      | Reached XP level 1. HP: 22/22 MP: 0/0
     1 | D:1      | Found a runed translucent door.
    34 | D:1      | Reached XP level 2. HP: 28/29 MP: 1/1
   608 | D:1      | Reached XP level 3. HP: 36/36 MP: 2/2
   885 | D:2      | Found a glowing silver altar of Zin.
  1104 | D:2      | Found a burning altar of Makhleb.
  1330 | D:2      | Reached skill level 5 in Unarmed Combat
  1330 | D:2      | Reached XP level 4. HP: 44/44 MP: 3/3
  1549 | D:3      | Noticed an ice beast
  1743 | D:3      | Killed an ice beast
  1743 | D:3      | Reached XP level 5. HP: 28/50 MP: 4/4
  1956 | D:3      | Found a bloodstained altar of Trog.
  2342 | D:4      | Reached XP level 6. HP: 54/61 MP: 5/5
  2999 | D:5      | Entered Level 5 of the Dungeon
  3043 | D:5      | Reached XP level 7. HP: 68/68 MP: 6/6
  3193 | D:5      | Reached skill level 1 in Throwing
  3231 | D:5      | Found a shadowy altar of Dithmenos.
  3232 | D:5      | Found a shattered altar of Ashenzari.
  3824 | D:5      | Found the amulet of Vitality {Regen+ HP+15}
  4156 | D:6      | Reached XP level 8. HP: 74/78 MP: 7/7
  5088 | D:7      | Found a snail-covered altar of Cheibriados.
  5117 | D:7      | Reached skill level 5 in Throwing
  5146 | D:7      | Reached skill level 1 in Evocations
  5272 | D:7      | Identified the ring of Hibb {+Fly rElec Str+3 Dex+5}
  5285 | D:7      | Reached XP level 9. HP: 81/84 MP: 9/9
  5736 | D:7      | Found an iron altar of Okawaru.
  6051 | D:7      | Found a hide-covered altar of Uskayaw.
  6142 | D:7      | Found a staircase to the Ecumenical Temple.
  6150 | Temple   | Entered the Ecumenical Temple
  6431 | D:7      | Noticed Joseph
  6442 | D:7      | Killed Joseph
  6442 | D:7      | Reached skill level 1 in Shields
  6657 | D:8      | Found a staircase to the Lair.
  6873 | D:8      | Found a large runed translucent door.
  6873 | D:8      | Found a large runed translucent door.
  6921 | D:8      | Identified the Incunabulum of Translocation
  6947 | D:8      | Found a large runed translucent door.
  6947 | D:8      | Found a large runed translucent door.
  6997 | D:8      | Reached XP level 10. HP: 84/92 MP: 11/11
  7305 | D:8      | Reached skill level 10 in Unarmed Combat
  7319 | D:8      | Found Jiyguil's Magic Scroll Shop.
  7327 | D:8      | Bought a scroll of identify for 28 gold pieces
  7327 | D:8      | Bought a scroll of identify for 28 gold pieces
  7756 | D:9      | Reached skill level 5 in Shields
  7896 | D:9      | Found a shadowy altar of Dithmenos.
  8027 | D:9      | Noticed a four-headed hydra
  8033 | D:9      | Killed a four-headed hydra
  8344 | D:10     | Entered Level 10 of the Dungeon
  8419 | D:10     | Found a roughly hewn altar of Beogh.
  8632 | D:10     | Reached XP level 11. HP: 100/100 MP: 13/13
  8731 | D:10     | Found an opulent altar of Gozag.
  8777 | D:10     | Found a staircase to the Orcish Mines.
  9324 | D:11     | Found Nusmyh's Antique Armour Emporium.
  9329 | D:11     | Bought a crude robe for 210 gold pieces
  9339 | D:11     | Identified the +2 robe of the Alphagorgon {Int+8} (You
                  | bought it in a shop on level 11 of the Dungeon)
  9380 | D:11     | Noticed a cyan ugly thing
  9422 | D:11     | Killed a cyan ugly thing
  9761 | D:11     | Killed an unseen horror
  9859 | D:11     | Reached skill level 10 in Shields
  9930 | D:11     | Found a blossoming altar of Fedhas.
 10120 | D:12     | Noticed Frances
 10261 | Lair:1   | Entered Level 1 of the Lair of Beasts
 10305 | Lair:1   | Slain by a spiny frog

Levels and vault maps discovered:
D:1:      dpeg_arrival_caged_fury, layout_basic, dk_noncrumbling_4,
          minmay_misc_feat_iff, minmay_misc_feat_pillars,
          minmay_misc_feat_secret_circle, minmay_octomino_j4
D:2:      layout_rooms, nicolae_overflow_crystal_walls, first_ration,
          lemuel_statue_altar
D:3:      layout_loops_ring, overflow_temple_1_default
D:4:      layout_basic
D:5:      layout_basic, chequers_temple_overflow_statue_of_worship
D:6:      layout_layer_cave, lemuel_old_faithful
D:7:      layout_basic, minitemple, minmay_temple_entry_nine_rooms,
          minmay_ruined_shrine, uniq_joseph
D:8:      layout_basic, david_lair_generic, serial_shops, nicolae_shop_trees,
          minmay_hollow_rounded_squares
D:9:      layout_roguey, hangedman_little_slice_of_home,
          nicolae_dithmenos_the_darkroom
D:10:     layout_roguey, david_orc_5, nicolae_twisting_strands,
          nicolae_gozag_seed_capital
D:11:     layout_grid_maze, serial_shops, kennysheep_little_box,
          statue_in_the_mist_lemuel, roderic_batcave, grunt_ministairs_3,
          fedhas_altar_fruit_tree
D:12:     layout_loops_cross, basic_altar, uniq_snorg, uniq_frances
Temple:   regret_index_temple_sphere_string
Lair:1:   layout_loops_ring, beast_lair_carwin_2

Skill      XL: |  1  2  3  4  5  6  7  8  9 10 11 |
---------------+----------------------------------+-----
Unarmed Combat | 4 5 6 7 8 9 10 | 10.0
Fighting       | 3 4 |  4.3
Dodging        | 3 4 |  4.0
Throwing       | 3 5 6 |  6.0
Evocations     | 1 3 4 |  4.0
Shields        | 3 8 10 | 10.1
Stealth        | |  1.0

Action                   |  1- 3 |  4- 6 |  7- 9 | 10-12 || total
-------------------------+-------+-------+-------+-------++-------
Melee: Unarmed           |   103 |   131 |   329 |   453 ||  1016
       Punch             |     3 |     5 |     6 |       ||    14
Throw: Large rock        |       |       |       |     5 ||     5
Evoke: Wand              |       |       |       |     1 ||     1
  Use: Scroll            |       |       |     9 |     5 ||    14
       Potion            |       |       |       |     1 ||     1
 Stab: Sleeping          |     2 |     3 |     4 |     7 ||    16
       Distracted        |       |       |       |     1 ||     1
  Eat: Chunk             |    15 |    18 |    35 |    42 ||   110
Armor: Robe              |    40 |    42 |    83 |    92 ||   257
Dodge: Dodged            |    59 |    50 |   115 |    85 ||   309
Block: Large shield      |       |       |    60 |   412 ||   472

Table legend:
 A = Non-vault XP
 B = Vault XP
 C = Vault XP percentage of total XP
 D = Non-vault monster count
 E = Vault monster count
 F = Vault count percentage of total count
                 A         B        C        D         E       F
            +---------+---------+-------+---------+---------+-------
      Total |   13423 |    3236 |  19.4 |     256 |      63 |  19.7
            +---------+---------+-------+---------+---------+-------
        D:1 |      35 |      11 |  23.9 |      21 |       4 |  16.0
        D:2 |      60 |       0 |   0.0 |      18 |       0 |   0.0
        D:3 |     230 |       0 |   0.0 |      20 |       0 |   0.0
        D:4 |     375 |       0 |   0.0 |      19 |       0 |   0.0
        D:5 |     697 |       0 |   0.0 |      23 |       0 |   0.0
        D:6 |     873 |       0 |   0.0 |      18 |       0 |   0.0
        D:7 |     964 |     687 |  41.6 |      28 |       6 |  17.6
        D:8 |    1420 |    1384 |  49.4 |      31 |      13 |  29.5
        D:9 |    3014 |     155 |   4.9 |      29 |       8 |  21.6
       D:10 |    1712 |     617 |  26.5 |      18 |      21 |  53.8
       D:11 |    3504 |     382 |   9.8 |      27 |      11 |  28.9
       D:12 |     289 |       0 |   0.0 |       3 |       0 |   0.0
     Lair:1 |     250 |       0 |   0.0 |       1 |       0 |   0.0
            +---------+---------+-------+---------+---------+-------
